 Dungeon Crawl Stone Soup version 0.19.1 (webtiles) character file.

5065 RKaid the Destroyer (level 10, -2/65 HPs)
             Began as an Octopode Wizard on Dec 25, 2016.
             Was a Follower of Vehumet.
             Slain by a hornet (17 damage)
             ... on level 9 of the Dungeon.
             The game lasted 00:53:28 (14011 turns).

RKaid the Destroyer (Octopode Wizard)              Turns: 14011, Time: 00:53:28

Health: -2/65      AC:  2    Str: 11    XL:     10   Next: 56%
Magic:  22/22      EV: 14    Int: 24    God:    Vehumet [*.....]
Gold:   0          SH:  0    Dex: 11    Spells: 8 memorised, 10 levels left

rFire  . . .     SeeInvis .     G - +6 lajatang of Teuwatwu {pain, Str+5}
rCold  + . .     Gourm    .     (shield currently unavailable)
rNeg   . . .     Faith    .     a - +1 hat
rPois  .         Spirit   .     t - amulet of regeneration {+regen}
rElec  .         Reflect  .     k - ring of protection from cold {rC+}
rCorr  .         Harm     .     (no ring)
MR     .....                    (no ring)
Stlth  +++.......               (no ring)
                                (no ring)
                                (no ring)
                                (no ring)
                                (no ring)

@: flying, slowed, very slow
A: almost no armour, stealthy swim, amphibious, 8 rings, constrict 8, camouflage
1, gelatinous body 1
a: Renounce Religion


You were on level 9 of the Dungeon.
You worshipped Vehumet.
Vehumet was aware of your devotion.
You were not hungry.

You visited 3 branches of the dungeon, and saw 11 of its levels.
You also visited: Sewer.

Inventory:

Hand Weapons
 E - a +0 whip of freezing
   (You took it off Pikel on level 9 of the Dungeon)
 G - the +6 lajatang of Teuwatwu (weapon) {pain, Str+5}
   (You found it on level 9 of the Dungeon)

   In the hands of one skilled in necromantic magic, it inflicts extra damage on
   living creatures.
   It affects your strength (+5).
Armour
 a - a +1 hat (worn)
Jewellery
 k - a ring of protection from cold (left tentacle) {rC+}
   (You found it on level 4 of the Dungeon)
 t - an amulet of regeneration (around mantle) {+regen}
   (You found it on level 5 of the Dungeon)
Wands
 g - a wand of paralysis (10/24)
   (You found it on level 1 of the Lair of Beasts)
 A - a wand of acid (11/15)
   (You found it on level 8 of the Dungeon)
 H - a wand of enslavement (15/24)
   (You found it on level 9 of the Dungeon)
Scrolls
 i - 2 scrolls of teleportation
 q - 3 scrolls of magic mapping {!r}
 w - 5 scrolls of fear
 y - a scroll of amnesia
 B - 7 scrolls of remove curse
Potions
 e - a potion of cancellation {unknown}
 h - a potion of magic {unknown}
 m - 2 potions of lignification {unknown}
 o - a potion of mutation {unknown}
 p - a potion of might {unknown}
 r - a potion of heal wounds {unknown}
 s - a potion of cure mutation {unknown}
 u - 2 potions of degeneration {unknown}
 x - 2 potions of flight
 z - a potion of ambrosia {unknown}
 C - a potion of haste {unknown}
Books
 b - a book of Minor Magic
 f - a book of Cantrips
   (You found it on level 2 of the Dungeon)
 n - a book of Changes
   (You found it on level 4 of the Dungeon)
 v - a book of Necromancy
   (You found it on level 5 of the Dungeon)
Comestibles
 c - 8 bread rations
 d - 4 meat rations


   Skills:
 - Level 4.4 Fighting
 + Level 3.0 Dodging
 - Level 2.6 Stealth
 + Level 8.8 Spellcasting
 + Level 9.1 Conjurations
   Level 1.0 Summonings
 - Level 4.2 Necromancy
 - Level 3.7 Translocations
 - Level 3.8 Poison Magic


You had 10 spell levels left.
You knew the following spells:

 Your Spells              Type           Power        Failure   Level  Hunger
a - Magic Dart            Conj           ####         1%          1    None
b - Mephitic Cloud        Conj/Pois/Air  ####....     2%          3    None
c - Conjure Flame         Conj/Fire      ####....     2%          3    None
d - Vampiric Draining     Necr           ####......   3%          3    None
e - Shock                 Conj/Air       ####         1%          1    None
B - Blink                 Tloc           N/A          1%          2    None
C - Repel Missiles        Chrm/Air       ##....       12%         2    None
D - Apportation           Tloc           ####......   1%          1    None


Dungeon Overview and Level Annotations

Branches:
Dungeon (9/15)             Temple (1/1) D:6            Lair (1/6) D:8
    Orc: D:9-12

Altars:
Ashenzari
Cheibriados
Dithmenos
Elyvilon
Fedhas
Gozag
Hepliaklqana
Kikubaaqudgha
Makhleb
Nemelex Xobeh
Okawaru
Qazlal
Ru
Sif Muna
Trog
Uskayaw
Vehumet
Xom
Yredelemnul
Zin
The Shining One

Shops:
D:7 %

Annotations:
D:8 Gastronok


Innate Abilities, Weirdness & Mutations

You cannot wear most types of armour.
You are very stealthy in the water. (Stealth+)
You are amphibious.
You can wear up to eight rings at the same time.
You can use your tentacles to constrict eight enemies at once.
Your skin changes colour to match your surroundings (Stealth+).
Your rubbery body absorbs attacks. (AC +1, EV +1)


Message History

Aim: a black bear (severely wounded, confused)
The magic dart hits the black bear.
Casting: Magic Dart
Confirm with . or Enter, or press ? or * to list all spells.
Aiming: Magic Dart
Press: ? - help, Shift-Dir - straight line, f/p - black bear
Aim: a black bear (severely wounded, confused)
The magic dart hits the black bear.
Casting: Magic Dart
Confirm with . or Enter, or press ? or * to list all spells.
Aiming: Magic Dart
Press: ? - help, Shift-Dir - straight line, f/p - black bear
Aim: a black bear (severely wounded, confused)
The magic dart hits the hornet.
The hornet stings you!
You feel yourself slow down.
You barely miss the hornet. Your grab misses the hornet. The hornet stings you!
You feel as though you will be slow longer.
The hornet completely misses you. The hornet stings you!
You feel as though you will be slow longer.
Casting: Magic Dart
Confirm with . or Enter, or press ? or * to list all spells.
You blink.
You feel better.
Your magical contamination has completely faded away.
As you read the scroll of teleportation, it crumbles to dust.
You feel strangely unstable. The hornet barely misses you.
The black bear closely misses the hornet.
The black bear claws the hornet.
The black bear completely misses the hornet.
The hornet stings you but does no damage.
You feel yourself speed up. The hornet stings you!
You feel yourself slow down. The hornet closely misses you.
Your surroundings suddenly seem different.
You feel yourself speed up.
A bullfrog zombie comes into view.
The bullfrog zombie hits you.
You barely miss the bullfrog zombie. You grab the bullfrog zombie.
You squeeze the bullfrog zombie, but do no damage.
You constrict the bullfrog zombie. The bullfrog zombie barely misses you.
You slash the bullfrog zombie!
You squeeze the bullfrog zombie, but do no damage.
You constrict the bullfrog zombie. The bullfrog zombie hits you. x2
A bullfrog skeleton comes into view.
You slice the bullfrog zombie!!
You destroy the bullfrog zombie!
Vehumet accepts your kill.
You slash the bullfrog skeleton! You grab the bullfrog skeleton.
You squeeze the bullfrog skeleton! You constrict the bullfrog skeleton.
The bullfrog skeleton misses you.
The bullfrog skeleton closely misses you.
You hit the bullfrog skeleton. You constrict the bullfrog skeleton.
The bullfrog skeleton barely misses you.
You slash the bullfrog skeleton!
You destroy the bullfrog skeleton!
Vehumet accepts your kill.
You feel your power returning. 2 orcs and an orc priest come into view.
You start resting.
You are feeling hungry.
You start resting.
You start eating one of the 2 beef jerkies.
That beef jerky was delicious!
You start eating the beef jerky.
That beef jerky was delicious!
There is a stone staircase leading up here.
A necrophage comes into view.
You closely miss the necrophage. You grab the necrophage.
You squeeze the necrophage. You constrict the necrophage.
The necrophage completely misses you.
You slash the necrophage! You constrict the necrophage.
The necrophage closely misses you.
You slash the necrophage!
You destroy the necrophage!
Vehumet accepts your kill.
An ice beast comes into view.
The helpless ice beast fails to defend itself.
You slash the ice beast!
The ice beast writhes in agony.
The ice beast misses you.
You hit the ice beast.
The ice beast writhes in agony.
You squeeze the ice beast. The ice beast barely misses you.
You hit the ice beast.
You kill the ice beast!
Vehumet accepts your kill.
Your Dodging skill increases to level 3!
A wyvern skeleton comes into view.
The hornet buzzes angrily.
You barely miss the wyvern skeleton. You squeeze the wyvern skeleton!
The wyvern skeleton bites you! The wyvern skeleton bites you.
You hit the wyvern skeleton. You squeeze the wyvern skeleton.
The hornet completely misses you. The wyvern skeleton bites you.
The hornet barely misses you. The wyvern skeleton bites you.
The wyvern skeleton bites you! The hornet stings you!
* * * LOW HITPOINT WARNING * * *
You feel yourself slow down.
It was a potion of flight.
You feel very buoyant.
You fly up into the air.
The wyvern skeleton misses you. The hornet stings you!
You die...

##.##.#.#.###.# #.# ......#...#
#.##.# #.# ##.##########.##.# #.#
.#...[.....##.##.# #.#
.#########.##.##.#####.#
.#########.##.##.##....######.#
..............##.##.()....(..(#
.........#.#..##.##...#########
..######.#.#..##@##...#########.
#...............yZ..(...........
#>...........................##.
................................
#.####.#.#.#.####.#.#..?........
#?# #.#.#.#.# #...#...........
#.####.#.#.#.# #..##.#..##.....
#.#..........# #.....#..##......
.......#.#.#.####...###...#......


You could see a hornet and a wyvern skeleton.

Vanquished Creatures
  Erica (D:8)
  Pikel (D:9)
  A hippogriff (D:7)
  A hungry ghost (D:9)
  A steam dragon (D:7)
  2 water moccasins (Lair:1)
  A porcupine (Lair:1)
  An ice beast (D:9)
  A slave (D:9)
  An orc warrior (D:6)
  3 sky beasts
  A necrophage (D:9)
  2 ogres
  4 centaurs
  4 bullfrogs
  A big kobold (Sewer)
  2 scorpions
  4 howler monkeys
  2 crimson imps
  A bullfrog zombie (D:9)
  8 hounds
  2 orc priests (D:7)
  5 bullfrog skeletons
  9 orc wizards
  Jessica (D:2)
  3 iguanas
  Natasha (thrice) (D:2)
  6 worker ants
  A killer bee zombie (D:9)
  A hound skeleton (D:7)
  3 gnolls (D:7)
  7 adders
  2 river rats (D:4)
  2 oozes (D:1)
  3 adder skeletons
  4 worms
  4 dart slugs
  7 leopard geckos
  20 orcs
  4 ball pythons
  8 giant cockroaches
  10 goblins
  11 hobgoblins
  2 jackals
  5 quokkas
  6 bats
  3 frilled lizards
  13 kobolds
  A quokka skeleton (D:4)
  16 rats
  2 fungi (D:8)
207 creatures vanquished.

Vanquished Creatures (others)
  Maurice (D:9)
  A slave (D:9)
  A quokka (D:7)
3 creatures vanquished.

Grand Total: 210 creatures vanquished

Notes
Turn   | Place    | Note
-------+----------+-------------------------------------------
     0 | D:1      | RKaid the Octopode Wizard began the quest for the Orb.
     0 | D:1      | Reached XP level 1. HP: 11/11 MP: 4/4
    67 | D:1      | HP: 2/11 [kobold/club (2)]
   601 | D:1      | Reached XP level 2. HP: 17/17 MP: 3/6
  1084 | D:1      | Reached skill level 2 in Conjurations
  1099 | D:1      | Reached XP level 3. HP: 21/21 MP: 3/7
  1969 | D:1      | Reached XP level 4. HP: 27/27 MP: 4/9
  2173 | D:2      | Reached skill level 3 in Conjurations
  2299 | D:2      | Noticed Natasha
  2304 | D:2      | Killed Natasha
  2304 | D:2      | Reached skill level 4 in Spellcasting
  2497 | D:2      | Noticed Jessica
  2503 | D:2      | Learned a level 2 spell: Blink
  2506 | D:2      | Learned a level 2 spell: Repel Missiles
  2527 | D:2      | Learned a level 3 spell: Conjure Flame
  2531 | D:2      | Learned a level 3 spell: Mephitic Cloud
  2540 | D:2      | Killed Jessica
  2540 | D:2      | Reached XP level 5. HP: 31/31 MP: 7/11
  2693 | D:2      | Noticed Natasha
  2699 | D:2      | Killed Natasha
  2996 | D:2      | Noticed Natasha
  3005 | D:2      | Killed Natasha
  3159 | D:3      | Reached skill level 4 in Conjurations
  3457 | D:3      | Reached XP level 6. HP: 36/36 MP: 7/13
  3581 | D:3      | Reached skill level 1 in Poison Magic
  4087 | D:4      | Found a glowing drain.
  4137 | Sewer    | Entered a sewer
  4411 | Sewer    | Reached skill level 5 in Spellcasting
  4517 | Sewer    | Found a white marble altar of Elyvilon.
  4620 | D:4      | Reached skill level 2 in Poison Magic
  4991 | D:4      | Reached XP level 7. HP: 41/41 MP: 0/14
  5105 | D:4      | Reached skill level 5 in Conjurations
  5105 | D:4      | Reached skill level 3 in Poison Magic
  6353 | D:5      | Entered Level 5 of the Dungeon
  6655 | D:5      | Reached skill level 1 in Fighting
  6738 | D:5      | Reached XP level 8. HP: 20/48 MP: 0/16
  7143 | D:5      | Reached skill level 6 in Spellcasting
  7225 | D:5      | Reached skill level 2 in Fighting
  7225 | D:5      | Reached skill level 6 in Conjurations
  8172 | D:6      | Reached skill level 3 in Fighting
  8247 | D:6      | Found a staircase to the Ecumenical Temple.
  8254 | Temple   | Entered the Ecumenical Temple
  8581 | Temple   | Became a worshipper of Vehumet
  9309 | D:6      | Reached skill level 7 in Conjurations
  9683 | D:7      | Reached XP level 9. HP: 58/58 MP: 19/19
  9906 | D:7      | Reached skill level 4 in Fighting
  9938 | D:7      | Reached skill level 2 in Translocations
 10062 | D:7      | Reached skill level 7 in Spellcasting
 10211 | D:7      | Found Fuplu's Food Shoppe.
 10452 | D:8      | Noticed Erica
 10529 | D:8      | Reached * piety under Vehumet
 10529 | D:8      | Offered knowledge of Shock by Vehumet.
 10532 | D:8      | Reached skill level 3 in Translocations
 10732 | D:8      | Found a staircase to the Lair.
 10774 | D:8      | HP: 10/58 [Erica/orb of energy (20)]
 10774 | D:8      | HP: 4/58 [something (5)]
 10814 | D:8      | HP: 14/58 [something (3)]
 10815 | D:8      | HP: 3/58 [something (5)]
 10939 | D:8      | Learned a level 3 spell: Vampiric Draining
 10989 | Lair:1   | Entered Level 1 of the Lair of Beasts
 11151 | Lair:1   | Noticed a rime drake
 11151 | Lair:1   | Noticed a rime drake
 11160 | Lair:1   | Learned a level 1 spell: Apportation
 11245 | D:8      | Reached skill level 1 in Necromancy
 11450 | D:8      | Noticed Gastronok
 11907 | D:7      | HP: 13/59 [steam dragon (6)]
 11919 | D:7      | HP: 14/59 [steam dragon/ball of steam (10)]
 11922 | D:7      | HP: 3/59 [steam dragon] (9)]
 12023 | D:7      | Learned a level 1 spell: Shock
 12186 | D:7      | Reached skill level 2 in Necromancy
 12659 | D:7      | HP: 14/59 [hippogriff (6)]
 12660 | D:7      | Reached skill level 8 in Conjurations
 12854 | D:8      | Killed Erica
 12854 | D:8      | Reached skill level 8 in Spellcasting
 12854 | D:8      | Reached skill level 3 in Necromancy
 12854 | D:8      | Reached XP level 10. HP: 65/65 MP: 0/22
 13213 | D:9      | Noticed Maurice
 13349 | D:9      | Noticed Pikel
 13391 | D:9      | Killed Pikel
 13391 | D:9      | Reached skill level 4 in Necromancy
 13490 | D:9      | Got a warped lajatang
 13491 | D:9      | Identified the +6 lajatang of Teuwatwu {pain, Str+5} (You found it on level 9 of the Dungeon)
 13663 | D:9      | Killed Maurice
 13663 | D:9      | Reached skill level 9 in Conjurations
 13945 | D:9      | Reached skill level 3 in Dodging
 14010 | D:9      | HP: 14/65 [hornet (9)]
 14011 | D:9      | Slain by a hornet

Skill      XL: |  1  2  3  4  5  6  7  8  9 10 |
---------------+-------------------------------+-----
Conjurations   | 2 3 4 5 7 8 9 |  9.1
Spellcasting   | 4 5 6 8 |  8.8
Poison Magic   | 2 3 |  3.8
Fighting       | 1 3 4 |  4.4
Translocations | 3 |  3.7
Necromancy     | 3 4 |  4.2
Dodging        | 3 |  3.0
Stealth        | |  2.6
Summonings     | |  1.0

Action                   |  1- 3 |  4- 6 |  7- 9 | 10-12 || total
-------------------------+-------+-------+-------+-------++-------
Melee: Unarmed           |    13 |       |       |       ||    13
       Constrict         |     7 |    23 |    25 |    11 ||    66
       Tentacles         |     1 |    13 |    23 |    14 ||    51
       Short sword       |     8 |    86 |    49 |       ||   143
       Dagger            |       |       |    99 |    25 ||   124
       Lajatang          |       |       |       |    27 ||    27
 Cast: Magic Dart        |    83 |   146 |   377 |    68 ||   674
       Repel Missiles    |       |     1 |     2 |     1 ||     4
       Mephitic Cloud    |       |     3 |    26 |     6 ||    35
       Blink             |       |     1 |     8 |     3 ||    12
       Conjure Flame     |       |     1 |     4 |     1 ||     6
       Shock             |       |       |     8 |     7 ||    15
       Vampiric Draining |       |       |     5 |       ||     5
       Apportation       |       |       |     1 |       ||     1
Evoke: Wand              |       |       |     3 |       ||     3
  Use: Scroll            |       |     8 |     6 |     1 ||    15
       Potion            |       |       |     7 |     2 ||     9
 Stab: Sleeping          |       |     8 |     4 |     3 ||    15
       Confused          |       |       |     1 |       ||     1
  Eat: Chunk             |     3 |     9 |    13 |       ||    25
       Pizza             |       |       |     4 |       ||     4
       Beef jerky        |       |       |     4 |     4 ||     8
Armor: Skin              |     1 |     6 |    36 |     7 ||    50
Dodge: Dodged            |    24 |    59 |   135 |    35 ||   253
       Deflected         |       |     1 |     4 |     4 ||     9

Vault maps used:
D:1:      dpeg_arrival_brainrot, serial_glass, glass_columns_a, glass_columns_c,
          st_stairs_7, minmay_crystal_room, minmay_split_cup_small
D:2:      uniq_natasha, uniq_jessica
D:4:      portal_sewer_entry_a
D:5:      first_bread
D:7:      serial_shops, nicolae_shop_trees
D:8:      lemuel_ratsnest, dpeg_oklobed_lair, grunt_ogre_cave, uniq_gastronok,
          uniq_erica
D:9:      serial_glass, glass_columns_b, glass_columns_b, uniq_pikel,
          uniq_maurice
Temple:   regret_index_temple_sigil_plot
Lair:1:   beast_lair_carwin_large_1, portal_ice_cave_rime, grunt_megastairs_5
Sewer:    sewer_kobolds

Table legend:
 A = Turns spent in this place as a percentage of turns spent in the entire game.
 B = Non-inter-level travel turns spent in this place as a percentage of non-inter-level travel turns spent in the entire game.
 C = Inter-level travel turns spent in this place as a percentage of turns spent in this place.
 D = Turns resting spent in this place as a percentage of non-inter-level travel turns spent in this place.
 E = Turns spent auto-exploring this place as a percentage of non-inter-level travel turns spent in this place.
 F = Non-inter-level travel turns spent in this place divided by the number of levels of this place that you've seen.
                   A       B       C       D       E      F
               +-------+-------+-------+-------+-------+----------------------
         Total | 100.0 | 100.0 |   0.7 |   6.6 |   7.4 | 285.7
       Dungeon |  94.1 |  94.2 |   0.6 |   6.8 |   7.1 | 358.7
        Temple |   0.7 |   0.6 |  12.5 |   0.0 |  90.5 |  21.0
          Lair |   2.5 |   2.5 |   1.2 |   2.4 |   2.4 |  84.0
         Sewer |   2.8 |   2.8 |   0.0 |   5.3 |   3.2 |  95.0
               +-------+-------+-------+-------+-------+----------------------

Table legend:
 A = Kills in this place as a percentage of kills in entire the game.
 B = Kills by you in this place as a percentage of kills by you in the entire game.
 C = Kills by friends in this place as a percentage of kills by friends in the entire game.
 D = Other kills in this place as a percentage of other kills in the entire game.
 E = Experience gained in this place as a percentage of experience gained in the entire game.
 F = Experience gained in this place divided by the number of levels of this place that you have seen.
                   A       B       C       D       E      F
               +-------+-------+-------+-------+-------+----------------------
         Total | 100.0 | 100.0 |  -nan | 100.0 | 100.0 | 603.0
       Dungeon |  93.2 |  93.1 |  -nan | 100.0 |  92.5 | 743.3
          Lair |   1.5 |   1.5 |  -nan |   0.0 |   6.1 | 439.0
         Sewer |   5.4 |   5.4 |  -nan |   0.0 |   1.5 | 107.0
               +-------+-------+-------+-------+-------+----------------------
